 Dungeon Crawl Stone Soup version 0.28.0-47-ge53b351184 (webtiles) character file.

Game seed: 1693919188911041984

178 Gabide the Cudgeller (level 5, -9/37 (42) HPs)
             Began as a Human Monk on May 9, 2022.
             Mangled by Edmund
             ... wielding a +3 dire flail of draining
              (13 damage)
             ... on level 4 of the Dungeon.
             The game lasted 00:03:16 (3412 turns).

Gabide the Cudgeller (Human Monk)                   Turns: 3412, Time: 00:03:16

HP:   -9/37 (42)    AC:  7    Str: 13    XL:     5   Next: 89%
MP:   5/5           EV: 12    Int: 10    God:
Gold: 169           SH:  0    Dex: 16    Spells: 4/4 levels left

rFire   . . .      SeeInvis .   i - +0 morningstar
rCold   . . .      Faith    .   (no shield)
rNeg    . . .      Spirit   .   d - +0 ring mail
rPois   .          Reflect  .   a - +0 helmet
rElec   .          Harm     .   (no cloak)
rCorr   .          Rampage  .   (no gloves)
Will    .....                   j - +0 pair of boots
Stlth   +.........              (no amulet)
HPRegen 0.12/turn               (no ring)
MPRegen 0.09/turn               (no ring)

@: heavily drained
A: no striking features
a: no special abilities


You were on level 4 of the Dungeon.
You visited 1 branch of the dungeon, and saw 4 of its levels.

You collected 169 gold pieces.

Inventory:

Hand Weapons
 i - a +0 morningstar (weapon)
Armour
 a - a +0 helmet (worn)
 d - a +0 ring mail (worn)
 j - a +0 pair of boots (worn)
Scrolls
 b - a scroll of fear {unknown}
 c - a scroll of silence {unknown}
 e - a scroll of enchant weapon {unknown}
 f - a scroll of amnesia
 k - a scroll of immolation {unknown}
 l - a scroll of teleportation {unknown}
Potions
 g - a potion of lignification
 h - 4 potions of curing


   Skills:
 + Level 3.9 Fighting
 + Level 3.9 Maces & Flails
 * Level 2.4 Armour
 + Level 3.9 Dodging
 - Level 2.0 Stealth


You had 4 spell levels left.
You didn't know any spells.
Your spell library contained the following spells:

 Spells                   Type           Power      Damage    Failure   Level
 Conjure Flame            Conj/Fire      0%         6-21      93%         3
 Ignite Poison            Fire/Tmut/Pois 0%         N/A       93%         3
 Sticky Flame             Conj/Fire      0%         2d3       100%        4


Dungeon Overview and Level Annotations

Branches:
Dungeon (4/15)
 Temple: D:4-7

Altars:
Uskayaw

Annotations:
D:4 Edmund


Message History

You kill the orc!
You sock the orc!
You kill the orc!
The orc hits you with a +0 club.
You sock the orc!
You kill the orc!
You barely miss Edmund. Edmund closely misses you.
You hit Edmund.
Edmund is lightly wounded.
Edmund hits you with a +3 dire flail of draining!
You feel drained.
You closely miss Edmund.
Edmund is lightly wounded.
Edmund hits you with a +3 dire flail of draining!
* * * LOW HITPOINT WARNING * * *
You feel drained.
* * * LOW HITPOINT WARNING * * *
Edmund hits you with a +3 dire flail of draining!
* * * LOW HITPOINT WARNING * * *
You feel drained.
* * * LOW HITPOINT WARNING * * *
Press: ? - help, v - describe, . - travel, g - get item
Here: Edmund, wielding a +3 dire flail of draining and wearing a +0 scale mail (lightly wounded)
Items here: )))) [ ††.
The floor, spattered with blood.
Unknown command.
Edmund is nearby!
You aren't carrying any items that you can evoke.
Sorry, you're not good enough to have a special ability.
Unknown command.
Okay, then.
Unknown command.
Press: ? - help, v - describe, . - travel
Here: Edmund, wielding a +3 dire flail of draining and wearing a +0 scale mail (lightly wounded)
The floor.
As you read the scroll labelled YGIUNU UCWERO, it crumbles to dust.
It is a scroll of amnesia.
You feel forgetful for a moment.
Edmund hits you with a +3 dire flail of draining!
You die...

#)########.#.#
#)#........#.#
#.#.#####..#.#
#.#.# #..#.#
#.#.# #..#.#
#.#.#####..#.#
#.#.....#..#.#
#.#####.#..#.#
#...@@.<.....#
#########.##.#
#....# ######


You could see Edmund.

Vanquished Creatures
  An orc priest (D:4)
  5 adders
  A white imp (D:3)
  2 worms
  2 dart slugs
  9 orcs
  7 endoplasms
  A giant cockroach (D:2)
  10 goblins
  8 hobgoblins
  A quokka (D:1)
  5 ball pythons
  10 bats
  5 frilled lizards
  9 kobolds
  2 rats
78 creatures vanquished.

Notes
Turn   | Place    | Note
-------+----------+-------------------------------------------
     0 | D:1      | Gabide the Human Monk began the quest for the Orb.
     0 | D:1      | Reached XP level 1. HP: 18/18 MP: 1/1
    56 | D:1      | Reached XP level 2. HP: 15/24 MP: 2/2
   694 | D:1      | Reached XP level 3. HP: 29/29 MP: 3/3
  1120 | D:2      | Reached XP level 4. HP: 10/35 MP: 4/4
  1130 | D:2      | Reached skill level 1 in Armour
  1530 | D:2      | Found a faded altar of an unknown god.
  2216 | D:3      | Reached XP level 5. HP: 42/42 MP: 5/5
  2471 | D:3      | Found a hide-covered altar of Uskayaw.
  3393 | D:4      | Noticed Edmund
  3412 | D:4      | Mangled by Edmund

Illustrated notes

Levels and vault maps discovered:
D:1:      dpeg_arrival_morbid_curiosity, layout_basic
D:2:      minmay_spotlight, layout_loops_ring, basic_ecumenical_altar
D:3:      layout_basic, mainiacjoe_overflow_six_doors_small
D:4:      layout_basic, gammafunk_ghost_split, uniq_edmund, uniq_duvessa,
          uniq_blork_the_orc

Skill      XL: |  1  2  3  4  5 |
---------------+----------------+-----
Armour         | 1 2 |  2.4
Fighting       | |  3.9
Maces & Flails | |  3.9
Dodging        | |  3.9
Stealth        | |  2.0

Action                   |  1- 3 |  4- 6 || total
-------------------------+-------+-------++-------
Melee: Mace              |    92 |    44 ||   136
       Morningstar       |       |   105 ||   105
       Punch             |       |     1 ||     1
  Use: Scroll            |       |     3 ||     3
 Stab: Sleeping          |     2 |     1 ||     3
       Distracted        |       |     1 ||     1
Armor: Robe              |    14 |       ||    14
       Ring mail         |     7 |    57 ||    64
Dodge: Dodged            |    86 |   114 ||   200
